 Dungeon Crawl Stone Soup version 0.18-a0-1303-g41c131c (webtiles) character file.

163 realDonaldTrump the Digger (level 5, 39/39 HPs)
             Began as a Demonspawn Earth Elementalist on Feb 12, 2016.
             Quit the game on level 3 of the Dungeon.
             The game lasted 00:05:03 (2860 turns).

realDonaldTrump the Digger (DsEE)                   Turns: 2860, Time: 00:05:03

Health: 39/39      AC:  3    Str: 10    XL:     5   Next: 20%
Magic:  10/10      EV: 12    Int: 17    God:
Gold:   216        SH:  0    Dex: 14    Spells: 1 memorised, 9 levels left

rFire  . . .     SeeInvis .     a - +3 dagger
rCold  + . .     Gourm    .     f - +0 robe
rNeg   . . .     Faith    .     (no shield)
rPois  .         Spirit   +     (no helmet)
rElec  .         Dismiss  .     h - +0 cloak
rCorr  +         Reflect  .     (no gloves)
SustAt .         Harm     .     (no boots)
MR     .....                    (no amulet)
Stlth  ++........               g - ring of resist corrosion
                                k - +2 ring of strength

@: not resistant to hostile enchantments, unstealthy
A: cold resistance 1, magic shield, sturdy frame 1
a: no special abilities


You were on level 3 of the Dungeon.
You were not hungry.

You visited 1 branch of the dungeon, and saw 3 of its levels.

You collected 216 gold pieces.

Inventory:

Hand Weapons
 a - a +3 dagger (weapon)
Missiles
 b - 76 stones (quivered)
Armour
 f - a +0 robe (worn)
 h - a +0 cloak (worn)
Jewellery
 g - a ring of resist corrosion (right hand)
 k - a +2 ring of strength (left hand)
Scrolls
 e - a scroll of amnesia
Potions
 i - a potion of haste {unknown}
 j - a potion of might {unknown}
 m - a potion of curing {unknown}
 n - a potion of heal wounds {unknown}
 q - a potion of lignification {unknown}
 r - a potion of ambrosia {unknown}
Books
 c - a book of Geomancy

   Spells                             Type                      Level
   a - Sandblast                      Earth                        1
   b - Passwall                       Transmutation/Earth          2
   c - Stone Arrow                    Conjuration/Earth            3
   d - Petrify                        Transmutation/Earth          4
   e - Lee's Rapid Deconstruction     Earth                        5
Comestibles
 d - 4 bread rations
 l - a slice of pizza
 o - 2 fruits
 p - 2 meat rations


   Skills:
 + Level 2.3 Fighting
 - Level 1.7 Dodging
 - Level 1.7 Stealth
 * Level 3.4 Spellcasting
   Level 0.8 Transmutations
 * Level 3.9 Earth Magic


You had 9 spell levels left.
You knew the following spells:

 Your Spells              Type           Power        Failure   Level  Hunger
a - Sandblast             Erth           ###...       3%          1    None


Dungeon Overview and Level Annotations

Branches:
Dungeon (3/15)

Altars:


Innate Abilities, Weirdness & Mutations

Your flesh is cold resistant.
When hurt, damage is shared between your health and your magic reserves.
Your movements are slightly less encumbered by armour (ER -2).


Message History

You hit the orc.
You kill the orc!
You hit the orc.
The orc is moderately wounded.
The orc closely misses you.
You closely miss the orc.
The orc is moderately wounded.
The orc barely misses you.
You closely miss the orc.
The orc is moderately wounded.
The orc barely misses you.
You hit the orc.
You kill the orc!
You hit the orc.
The orc is lightly wounded.
The orc barely misses you.
You hit the orc.
The orc is severely wounded.
The orc misses you.
Are you sure you want to abandon this character and quit the game? (Confirm with "yes".)

#####.##..##....)#........
#.##..####.#.#....)...
##.##..# #.#.#........
#......# #.........#+#
#####..# #.........#.#
#..# #...........#
#..####.......#####
#>................#
##@##############.# #o#
######.# #o# #....... #.#
#.####.. #.# #.# ##. #.#
###.#####. #.# #.........
#.# #.#.###### #.#.######


You could see 2 orcs.

Vanquished Creatures
  A phantom (D:3)
  2 adders (D:3)
  An ooze (D:3)
  2 giant geckos
  4 orcs (D:3)
  8 bats
  3 giant cockroaches (D:1)
  7 goblins
  2 hobgoblins
  2 jackals (D:2)
  4 kobolds
  2 quokkas
  4 giant newts
  8 rats
50 creatures vanquished.

Notes
Turn   | Place    | Note
--------------------------------------------------------------
     0 | D:1      | realDonaldTrump the Demonspawn Earth Elementalist began the quest for the Orb.
     0 | D:1      | Reached XP level 1. HP: 13/13 MP: 3/3
     6 | D:1      | Noticed an electric eel
   303 | D:1      | Gained mutation: When hurt, damage is shared between your health and your magic reserves. [demonic ancestry]
   303 | D:1      | Reached XP level 2. HP: 20/20 MP: 5/5
   437 | D:1      | Reached skill level 3 in Earth Magic
   560 | D:1      | Reached skill level 1 in Fighting
  1354 | D:2      | Reached XP level 3. HP: 24/26 MP: 6/6
  2366 | D:3      | Gained mutation: Your movements are slightly less encumbered by armour (ER -2). [demonic ancestry]
  2366 | D:3      | Reached XP level 4. HP: 28/33 MP: 2/8
  2374 | D:3      | Noticed a phantom
  2459 | D:3      | blegh
  2459 | D:3      | nothing stumps the trump!!!
  2517 | D:3      | Killed a phantom
  2517 | D:3      | Gained mutation: Your flesh is cold resistant. [demonic ancestry]
  2517 | D:3      | Reached XP level 5. HP: 34/38 MP: 0/10
  2860 | D:3      | Quit the game

Vault maps used:
D:1:      arrival_aquarium_a
D:2:      first_bread, serial_park_tiny_1

Action                   |  1- 3 |  4- 6 || total
-------------------------+-------+-------++-------
Melee: Dagger            |    97 |    14 ||   111
       Unarmed           |     6 |       ||     6
 Cast: Sandblast         |    11 |    16 ||    27
  Use: Scroll            |     5 |       ||     5
 Stab: Sleeping          |     7 |     3 ||    10
  Eat: Chunk             |     4 |     2 ||     6
